 Dungeon Crawl Stone Soup version 0.26-a0-540-g8a0c9464d7 (webtiles) character file.

Game seed: 3365741089912714098

389 Lanoc the Skirmisher (level 6, 0/58 HPs)
             Began as a Minotaur Wanderer on Aug 15, 2020.
             Was an Initiate of Fedhas.
             Slain by an iguana (12 damage)
             ... on level 4 of the Dungeon.
             The game lasted 00:03:21 (1300 turns).

Lanoc the Skirmisher (Minotaur Wanderer)            Turns: 1300, Time: 00:03:22

Health: 0/58       AC:  3    Str: 17    XL:     6   Next: 50%
Magic:  6/6        EV: 10    Int:  9    God:    Fedhas [......]
Gold:   80         SH:  8    Dex: 11    Spells: 5/5 levels left

rFire    . . .     SeeInvis .   a - +2 spear
rCold    . . .     Faith    .   d - +0 kite shield (curse)
rNeg     . . .     Spirit   .   g - +0 leather armour {rPois}
rPois    +         Reflect  .   (helmet restricted)
rElec    .         Harm     .   (no cloak)
rCorr    .                      (no gloves)
MR       .....                  (no boots)
Stlth    +.........             (no amulet)
HPRegen  0.19/turn              (no ring)
MPRegen  0.10/turn              (no ring)

@: no status effects
A: retaliatory headbutt, horns 2
a: Renounce Religion


You were on level 4 of the Dungeon.
You worshipped Fedhas.
Fedhas was noncommittal.
You visited 2 branches of the dungeon, and saw 5 of its levels.

You collected 80 gold pieces.

Inventory:

Hand Weapons
 a - a +2 spear (weapon)
Armour
 d - a cursed +0 kite shield (worn)
 g - a +0 leather armour of poison resistance (worn)
Scrolls
 b - a scroll of blinking {unknown}
 e - 2 scrolls of immolation {unknown}
 f - a scroll of magic mapping {unknown}
 h - a scroll of remove curse {unknown}
 i - 2 scrolls of identify {unknown}
Potions
 c - 2 potions of curing


   Skills:
 + Level 6.9 Fighting
 * Level 4.7 Polearms
 + Level 3.3 Armour
 + Level 3.0 Dodging
 - Level 1.0 Stealth
 + Level 2.5 Shields
 + Level 1.5 Invocations


You had 5 spell levels left.
You didn't know any spells.
Your spell library was empty.

Dungeon Overview and Level Annotations

Branches:
Dungeon (4/15)             Temple (1/1) D:4

Altars:
Ashenzari
Elyvilon
Fedhas
Hepliaklqana
Kikubaaqudgha
Makhleb
Nemelex Xobeh
Okawaru
Qazlal
Ru
Sif Muna
Trog
Uskayaw
Vehumet
Wu Jian
Xom

Annotations:
D:3 1 transporter, Grinder


Innate Abilities, Weirdness & Mutations

You reflexively headbutt those who attack you in melee.
You have a pair of horns on your head.


Message History

You kill the orc!
Fedhas accepts your kill.
You completely miss the orc. The orc closely misses you.
You furiously retaliate!
You headbutt the orc!
You kill the orc!
Fedhas accepts your kill.
Items here: )))) [[ ††††.
Things that are here:
a +0 dagger; a +0 robe; an orc corpse An iguana comes into view.
You are too injured to fight recklessly!
You are too injured to fight recklessly!
The iguana hisses angrily.
The iguana bites you!
* * * LOW HITPOINT WARNING * * *
You barely miss the iguana. The iguana closely misses you.
Your shield prevents you from hitting the iguana.
The iguana bites you!
You die...
Fedhas appreciates your contribution to the ecosystem.

#.####.#...####.##
#......#.### #...
#.####.#.# ###)
#.# #.#.# . # #.#
#.#.# .
#.##.####.#.# .
#....))...#.# .
##.####.######.# .
#.....)@# #.# .
#..####l# ...
##.## #.# ... #.#
#.#


You could see an iguana.

Vanquished Creatures
  2 ogres (D:4)
  2 orc priests
  A hound (D:4)
  Ijyb (D:3)
  An orc wizard (D:4)
  A hound skeleton (D:4)
  3 gnolls (D:4)
  A worm (D:2)
  A leopard gecko (D:3)
  10 orcs
  A ball python (D:4)
  2 giant cockroaches
  2 goblins
  4 hobgoblins
  A quokka (D:2)
  A bat (D:3)
  A frilled lizard (D:1)
  A kobold (D:3)
  A rat (D:3)
37 creatures vanquished.

Notes
Turn   | Place    | Note
-------+----------+-------------------------------------------
     0 | D:1      | Lanoc the Minotaur Wanderer began the quest for the Orb.
     0 | D:1      | Lanoc set off with the following items: a +2 spear, a +0
                  | falchion, a potion of curing, a +0 robe
     0 | D:1      | Reached XP level 1. HP: 24/24 MP: 0/0
   233 | D:2      | Reached XP level 2. HP: 30/30 MP: 1/1
   509 | D:3      | Noticed Ijyb
   514 | D:3      | Reached XP level 3. HP: 35/38 MP: 2/2
   519 | D:3      | Found a transporter.
   578 | D:3      | Killed Ijyb
   578 | D:3      | Reached XP level 4. HP: 5/45 MP: 3/3
   889 | D:3      | Noticed Grinder
   916 | D:3      | Paralysed by Grinder for 2 turns
  1114 | D:4      | Found a staircase to the Ecumenical Temple.
  1136 | Temple   | Entered the Ecumenical Temple
  1186 | Temple   | Became a worshipper of Fedhas Madash
  1209 | D:4      | Noticed an ogre
  1214 | D:4      | Killed an ogre
  1214 | D:4      | Reached XP level 5. HP: 51/51 MP: 4/4
  1242 | D:4      | Reached skill level 1 in Invocations
  1243 | D:4      | Noticed an ogre
  1253 | D:4      | Killed an ogre
  1253 | D:4      | Reached XP level 6. HP: 45/58 MP: 5/5
  1300 | D:4      | Slain by an iguana

Illustrated notes

Levels and vault maps discovered:
D:1:      elethiomel_arrival_infinity_welcomes_careful_drivers, layout_basic
D:2:      layout_basic, overflow_temple_1_default
D:3:      gammafunk_wand_slinger, layout_basic, minmay_door_square,
          hangedman_decor_points, serial_park_tiny_pond, uniq_grinder, uniq_ijyb
D:4:      layout_loops_ring, minmay_temple_entry_ruins
Temple:   nicolae_temple_x_marks_the_god

Skill      XL: |  1  2  3  4  5  6 |
---------------+-------------------+-----
Polearms       | 2 3 4 |  4.7
Armour         | 2 3 |  3.3
Dodging        | 2 3 |  3.0
Invocations    | 1 |  1.5
Shields        | 2 |  2.5
Fighting       | |  6.9
Stealth        | |  1.0

Action                   |  1- 3 |  4- 6 || total
-------------------------+-------+-------++-------
Melee: Spear             |    68 |    56 ||   124
       Headbutt          |     9 |    15 ||    24
       Unarmed           |    19 |       ||    19
  Use: Potion            |       |     1 ||     1
 Stab: Sleeping          |     2 |       ||     2
Armor: Robe              |     4 |       ||     4
       Skin              |     1 |       ||     1
       Leather armour    |       |     4 ||     4
Dodge: Dodged            |    48 |    13 ||    61
Block: Kite shield       |       |    15 ||    15

Table legend: (Time is in decaauts)
 A = Elapsed time spent in this place.
 B = Non-inter-level travel time spent in this place.
 C = Inter-level travel time spent in this place.
 D = Time resting spent in this place.
 E = Time spent auto-exploring this place.
 F = Levels seen in this place.
 G = Mean time per level.
                   A        B        C        D        E       F      G
               +--------+--------+--------+--------+--------+-----+--------+
         Total |   1289 |   1280 |      9 |      0 |    924 |   5 |  257.8 |
       Dungeon |   1229 |   1229 |      0 |      0 |    882 |   4 |  307.2 |
        Temple |     60 |     51 |      9 |      0 |     42 |   1 |   60.0 |
               +--------+--------+--------+--------+--------+-----+--------+

Top non-repeatable levels by time:
     D:3: 628 daAuts
     D:4: 311 daAuts
     D:1: 211 daAuts
     D:2: 77 daAuts
  Temple: 60 daAuts
